AAA WEST
SALT LAKE BEES @ EL PASO CHIHUAHUAS
05/25/2042
 
TOP OF THE 1ST
Salt Lake Bees batting - Pitching for El Paso Chihuahuas : RHP Robinson González
Pitching: RHP Robinson González
Batting: LHB Randy O'Day 0-0: Called Strike
0-1: Called Strike
0-2: Foul Ball, location: 2F
0-2: Foul Ball, location: 2F
0-2: Ball
1-2: Strikes out swinging
Batting: RHB Danny Dodds 0-0: Ground out 6-3 (Groundball, 6, EV 82.5 MPH)
Batting: RHB Joe Poole 0-0: Swinging Strike
0-1: Ball
1-1: Called Strike
1-2: Foul Ball, location: 9LSF
1-2: Foul Ball, location: 5F
1-2: SINGLE (Groundball, 56D, EV 99.4 MPH)
Batting: LHB Dan Powers 0-0: Ball
Joe Poole is caught stealing 2nd base 2-6
Top of the 1st over - 0 runs, 1 hit, 0 errors, 0 left on base; Salt Lake 0 - El Paso 0
BOTTOM OF THE 1ST
El Paso Chihuahuas batting - Pitching for Salt Lake Bees : RHP Jesús Gálvez
Pitching: RHP Jesús Gálvez
Batting: RHB Jung-jun Moon 0-0: Ball
1-0: Called Strike
1-1: Foul Ball, location: 7LDF
1-2: Ball
2-2: Foul Ball, location: 2RF
2-2: Ground out 5-3 (Groundball, 56S, EV 95.0 MPH)
Batting: LHB Freddy Newton 0-0: Foul Ball, location: 2F
0-1: Ground out 4-3 (Groundball, 4M, EV 82.5 MPH)
Batting: LHB Gene Norman 0-0: Foul Ball, location: 2F
0-1: Foul Ball, location: 25F
0-2: Ball
1-2: Ground out 5-3 (Groundball, 56S, EV 84.4 MPH)
Bottom of the 1st over - 0 runs, 0 hits, 0 errors, 0 left on base; Salt Lake 0 - El Paso 0
TOP OF THE 2ND
Salt Lake Bees batting - Pitching for El Paso Chihuahuas : RHP Robinson González
Batting: LHB Dan Powers 0-0: Ball
1-0: Foul Ball, location: 2F
1-1: Ball
2-1: Foul Ball, location: 7LMF
2-2: Ball
3-2: Fly out, F7 (Flyball, 7, EV 91.9 MPH)
Batting: RHB António Martínez 0-0: Ball
1-0: Foul Ball, location: 2F
1-1: Foul Ball, location: 9LMF
1-2: Ball
2-2: Ball
3-2: Fly out, F8 (Flyball, 8LD, EV 102.5 MPH)
Batting: LHB Joe Taylor 0-0: Ball
1-0: Foul Ball, location: 2F
1-1: Foul Ball, location: 2F
1-2: Ball
2-2: Ground out 4-3 (Groundball, 34, EV 108.8 MPH)
Top of the 2nd over - 0 runs, 0 hits, 0 errors, 0 left on base; Salt Lake 0 - El Paso 0
BOTTOM OF THE 2ND
El Paso Chihuahuas batting - Pitching for Salt Lake Bees : RHP Jesús Gálvez
Batting: RHB Luis Miguel Ortíz 0-0: Ball
1-0: Called Strike
1-1: Ball
2-1: Ball
3-1: Foul Ball, location: 2F
3-2: Fly out, F8 (Flyball, 8RD, EV 105.6 MPH)
Batting: LHB Ignacio Villa 0-0: Ball
1-0: Ball
2-0: Foul Ball, location: 3F
2-1: Fly out, F9 (Line Drive, 89D, EV 97.5 MPH)
Batting: SHB Ignacio Archuleta 0-0: Ball
1-0: Ball
2-0: Fly out, F5 (Popup, 25F, EV 91.9 MPH)
Bottom of the 2nd over - 0 runs, 0 hits, 0 errors, 0 left on base; Salt Lake 0 - El Paso 0
TOP OF THE 3RD
Salt Lake Bees batting - Pitching for El Paso Chihuahuas : RHP Robinson González
Batting: RHB David Pacheco 0-0: Ball
1-0: Called Strike
1-1: Ball
2-1: Foul Ball, location: 2F
2-2: SINGLE (Line Drive, 78S, EV 93.8 MPH)
Batting: RHB Beau Jones 0-0: Ball
1-0: Ball
2-0: Bunted foul
2-1: Sac Bunt to 5S - play at first, batter OUT! 5-3
David Pacheco to second
Batting: RHB Phil Howard 0-0: Foul Ball, location: 9LSF
0-1: Ball
1-1: Foul Ball, location: 2F
1-2: Ball
2-2: Foul Ball, location: 2F
2-2: Strikes out swinging
Batting: LHB Randy O'Day 0-0: Ground out U3 (Groundball, 3, EV 83.1 MPH)
Top of the 3rd over - 0 runs, 1 hit, 0 errors, 1 left on base; Salt Lake 0 - El Paso 0
BOTTOM OF THE 3RD
El Paso Chihuahuas batting - Pitching for Salt Lake Bees : RHP Jesús Gálvez
Batting: RHB Esdras Ghasabov 0-0: Ball
1-0: Foul Ball, location: 2F
1-1: Ball
2-1: DOUBLE (Line Drive, 89D, EV 102.5 MPH)
Batting: RHB Cristo Lópes 0-0: Ball
1-0: Ball
2-0: Called Strike
2-1: Fly out, F9 (Flyball, 9D, EV 105.6 MPH)
Runner from 2nd tags up, SAFE at 3rd, no throw by RF
Batting: LHB Greg Greene 0-0: Called Strike
0-1: Foul Ball, location: 2F
0-2: SINGLE (Groundball, 25, EV 68.1 MPH) (infield hit)
Batting: RHB Jung-jun Moon 0-0: Foul Ball, location: 5DF
0-1: Swinging Strike
0-2: Grounds into double play, 5-4-3 (Groundball, 56, EV 91.3 MPH)
Bottom of the 3rd over - 0 runs, 2 hits, 0 errors, 1 left on base; Salt Lake 0 - El Paso 0
TOP OF THE 4TH
Salt Lake Bees batting - Pitching for El Paso Chihuahuas : RHP Robinson González
Batting: RHB Danny Dodds 0-0: Ball
1-0: Ground out 6-3 (Groundball, 6, EV 80.0 MPH)
Batting: RHB Joe Poole 0-0: Called Strike
0-1: Ground out 6-3 (Groundball, 6M, EV 84.4 MPH)
Batting: LHB Dan Powers 0-0: Swinging Strike
0-1: Ball
1-1: Foul Ball, location: 5DF
1-2: Strikes out swinging
Top of the 4th over - 0 runs, 0 hits, 0 errors, 0 left on base; Salt Lake 0 - El Paso 0
BOTTOM OF THE 4TH
El Paso Chihuahuas batting - Pitching for Salt Lake Bees : RHP Jesús Gálvez
Batting: LHB Freddy Newton 0-0: Ball
1-0: Foul Ball, location: 9LMF
1-1: SINGLE (Line Drive, 9S, EV 96.3 MPH)
Batting: LHB Gene Norman 0-0: Called Strike
0-1: Ball
1-1: Foul Ball, location: 2F
1-2: Ball
2-2: SINGLE (Groundball, 4S, EV 66.3 MPH) (infield hit)
Freddy Newton to second
Batting: RHB Luis Miguel Ortíz 0-0: Called Strike
0-1: Fly out, F9 (Flyball, 89M, EV 96.3 MPH)
Batting: LHB Ignacio Villa 0-0: Ball
1-0: Fly out, F9 (Flyball, 9D, EV 87.5 MPH)
Runner from 2nd tags up, SAFE at 3rd, no throw by RF
Batting: SHB Ignacio Archuleta 0-0: Called Strike
0-1: Foul Ball, location: 5F
0-2: DOUBLE (Line Drive, 89D, EV 106.3 MPH)
Freddy Newton scores
Gene Norman to third
Runner from 3rd tries for Home, SAFE, no throw by CF
Batting: RHB Esdras Ghasabov 0-0: Foul Ball, location: 9LDF
0-1: Swinging Strike
0-2: Foul Ball, location: 3FF
0-2: Ball
1-2: Strikes out swinging
Bottom of the 4th over - 2 runs, 3 hits, 0 errors, 1 left on base; Salt Lake 0 - El Paso 2
TOP OF THE 5TH
Salt Lake Bees batting - Pitching for El Paso Chihuahuas : RHP Robinson González
Batting: RHB António Martínez 0-0: Ball
1-0: Ball
2-0: Called Strike
2-1: Ball
3-1: Foul Ball, location: 2F
3-2: Base on Balls
Batting: LHB Joe Taylor 0-0: Ball
1-0: Ground out 4-3 (Groundball, 34, EV 98.8 MPH)
António Martínez to second
Batting: RHB David Pacheco 0-0: Called Strike
0-1: Ball
1-1: Foul Ball, location: 7LSF
1-2: Ball
2-2: Ground out 6-3 (Groundball, 6, EV 93.1 MPH)
Batting: RHB Beau Jones 0-0: Foul Ball, location: 9LMF
0-1: Ball
1-1: Ball
2-1: Ball
3-1: Base on Balls
Batting: RHB Phil Howard 0-0: Ball
1-0: Foul Ball, location: 2RF
1-1: Fly out, F6 (Popup, 6S, EV 70.6 MPH)
Top of the 5th over - 0 runs, 0 hits, 0 errors, 2 left on base; Salt Lake 0 - El Paso 2
BOTTOM OF THE 5TH
El Paso Chihuahuas batting - Pitching for Salt Lake Bees : RHP Jesús Gálvez
Batting: RHB Cristo Lópes 0-0: Ball
1-0: Ball
2-0: Foul Ball, location: 2F
2-1: Ground out U3 (Groundball, 34, EV 105.0 MPH)
Batting: LHB Greg Greene 0-0: Swinging Strike
0-1: Ball
1-1: Ball
2-1: Swinging Strike
2-2: Ground out 6-3 (Groundball, 6, EV 85.6 MPH)
Batting: RHB Jung-jun Moon 0-0: Called Strike
0-1: Swinging Strike
0-2: Ball
1-2: Foul Ball, location: 5F
1-2: Ground out 6-3 (Groundball, 6, EV 102.5 MPH)
Bottom of the 5th over - 0 runs, 0 hits, 0 errors, 0 left on base; Salt Lake 0 - El Paso 2
TOP OF THE 6TH
Salt Lake Bees batting - Pitching for El Paso Chihuahuas : RHP Robinson González
Batting: LHB Randy O'Day 0-0: DOUBLE (Line Drive, 89M, EV 96.9 MPH)
Batting: RHB Danny Dodds 0-0: Called Strike
0-1: Ball
1-1: Called Strike
1-2: Ball
2-2: Ground out 5-3 (Groundball, 56S, EV 80.6 MPH)
Randy O'Day to third
Batting: RHB Joe Poole 0-0: Ball
1-0: Fly out, F9 (Flyball, 9D, EV 108.1 MPH)
Runner from 3rd tags up, OUT at HOME! 9-2
Top of the 6th over - 0 runs, 1 hit, 0 errors, 0 left on base; Salt Lake 0 - El Paso 2
BOTTOM OF THE 6TH
El Paso Chihuahuas batting - Pitching for Salt Lake Bees : RHP Jesús Gálvez
Batting: LHB Freddy Newton 0-0: Called Strike
0-1: Fly out, F7 (Flyball, 7, EV 96.9 MPH)
Batting: LHB Gene Norman 0-0: Called Strike
0-1: Foul Ball, location: 2F
0-2: Ball
1-2: Ball
2-2: Ball
3-2: SINGLE (Flyball, 8RS, EV 94.4 MPH)
Batting: RHB Luis Miguel Ortíz 0-0: Ball
1-0: Called Strike
1-1: Ball
2-1: Swinging Strike
2-2: Ball
3-2: Fly out, F7 (Flyball, 7, EV 88.8 MPH)
Batting: LHB Ignacio Villa 0-0: Ball
1-0: Ball
2-0: Foul Ball, location: 23FF
2-1: Foul Ball, location: 7LSF
2-2: SINGLE (Flyball, 7LS, EV 99.4 MPH)
Gene Norman to second
Batting: SHB Ignacio Archuleta 0-0: Called Strike
0-1: Foul Ball, location: 5FF
0-2: Ground out 4-3 (Groundball, 4, EV 86.3 MPH)
Bottom of the 6th over - 0 runs, 2 hits, 0 errors, 2 left on base; Salt Lake 0 - El Paso 2
TOP OF THE 7TH
Salt Lake Bees batting - Pitching for El Paso Chihuahuas : RHP Robinson González
Batting: LHB Dan Powers 0-0: Ball
1-0: Called Strike
1-1: Fly out, F7 (Flyball, 78D, EV 103.8 MPH)
Batting: RHB António Martínez 0-0: Ball
1-0: Ball
2-0: Ball
3-0: Base on Balls
Pitching: LHP Dave Bryant
Batting: LHB Joe Taylor 0-0: 2-RUN HOME RUN (Flyball, 9LD, EV 90.0 MPH), Distance : 351 ft
Batting: RHB David Pacheco 0-0: Ball
1-0: Ball
2-0: Foul Ball, location: 9LSF
2-1: Ball
3-1: Foul Ball, location: 2F
3-2: Reached on error, E6 (Groundball, 6S, EV 88.8 MPH)
Batting: RHB Beau Jones 0-0: Foul Ball, location: 2F
0-1: Ball
1-1: Ball
2-1: Called Strike
2-2: Foul Ball, location: 2F
2-2: Ball
3-2: Foul Ball, location: 25F
3-2: Fly out, F7 (Line Drive, 7S, EV 104.4 MPH)
Batting: RHB Phil Howard 0-0: Ball
1-0: Ball
2-0: Ball
3-0: Called Strike
3-1: Base on Balls
David Pacheco to second
Pinch Hitting: RHB Jorge Domínguez 0-0: Fly out, F8 (Line Drive, 8RM, EV 103.8 MPH)
Top of the 7th over - 2 runs, 1 hit, 1 error, 2 left on base; Salt Lake 2 - El Paso 2
BOTTOM OF THE 7TH
El Paso Chihuahuas batting - Pitching for Salt Lake Bees : RHP Jesús Gálvez
Pitching: RHP Andy Dunn
Now in CF: Randy Greenway
Batting: RHB Esdras Ghasabov 0-0: Called Strike
0-1: Ball
1-1: Ground out 5-3 (Groundball, 56S, EV 85.0 MPH)
Batting: RHB Cristo Lópes 0-0: Fly out, F9 (Flyball, 9D, EV 98.8 MPH)
Batting: LHB Greg Greene 0-0: Ball
1-0: Fly out, F5 (Line Drive, 5L, EV 71.9 MPH)
Bottom of the 7th over - 0 runs, 0 hits, 0 errors, 0 left on base; Salt Lake 2 - El Paso 2
TOP OF THE 8TH
Salt Lake Bees batting - Pitching for El Paso Chihuahuas : LHP Dave Bryant
Batting: RHB Danny Dodds 0-0: Ball
1-0: Ground out 5-3 (Groundball, 56S, EV 81.3 MPH)
Batting: RHB Joe Poole 0-0: Ball
1-0: Called Strike
1-1: Ground out 6-3 (Groundball, 6, EV 85.6 MPH)
Pinch Hitting: RHB Max Sowerby 0-0: Ball
1-0: Foul Ball, location: 3FF
1-1: Swinging Strike
1-2: Strikes out swinging
Top of the 8th over - 0 runs, 0 hits, 0 errors, 0 left on base; Salt Lake 2 - El Paso 2
BOTTOM OF THE 8TH
El Paso Chihuahuas batting - Pitching for Salt Lake Bees : RHP Andy Dunn
Now in LF: Joe Taylor
Now in RF: António Morales
Pinch Hitting: LHB César Guzmán 0-0: Ball
1-0: Ball
2-0: Swinging Strike
2-1: Foul Ball, location: 3DF
2-2: Strikes out swinging
Batting: LHB Freddy Newton 0-0: Foul Ball, location: 23F
0-1: Ground out U3 (Groundball, 34S, EV 81.3 MPH)
Batting: LHB Gene Norman 0-0: Called Strike
0-1: Ball
1-1: Swinging Strike
1-2: Ball
2-2: Strikes out swinging
Bottom of the 8th over - 0 runs, 0 hits, 0 errors, 0 left on base; Salt Lake 2 - El Paso 2
TOP OF THE 9TH
Salt Lake Bees batting - Pitching for El Paso Chihuahuas : LHP Dave Bryant
Pitching: RHP Don Black
Now in RF: César Guzmán
Batting: RHB António Martínez 0-0: SINGLE (Line Drive, 34D, EV 110.0 MPH)
Batting: LHB Joe Taylor 0-0: Foul Ball, location: 2F
0-1: Called Strike
0-2: Fielders Choice at 2nd, 6-4 (Groundball, 6MS, EV 85.0 MPH)
Pinch Hitting: LHB Raúl Vásquez 0-0: Called Strike
0-1: Grounds into double play, 1-6-3 (Groundball, 13, EV 68.1 MPH)
Top of the 9th over - 0 runs, 1 hit, 0 errors, 0 left on base; Salt Lake 2 - El Paso 2
BOTTOM OF THE 9TH
El Paso Chihuahuas batting - Pitching for Salt Lake Bees : RHP Andy Dunn
Now at C: Kevin Glover
Batting: RHB Luis Miguel Ortíz 0-0: Ball
1-0: Ground out 5-3 (Groundball, 56S, EV 70.0 MPH)
Batting: LHB Ignacio Villa 0-0: Foul Ball, location: 3SF
0-1: Foul Ball, location: 23FF
0-2: Foul Ball, location: 7LMF
0-2: Foul Ball, location: 5DF
0-2: Strikes out swinging
Batting: SHB Ignacio Archuleta 0-0: Ball
1-0: Called Strike
1-1: Fly out, F7 (Flyball, 78M, EV 90.6 MPH)
Bottom of the 9th over - 0 runs, 0 hits, 0 errors, 0 left on base; Salt Lake 2 - El Paso 2
TOP OF THE 10TH
Salt Lake Bees batting - Pitching for El Paso Chihuahuas : RHP Don Black
Batting: RHB Beau Jones 0-0: Ball
1-0: Foul Ball, location: 2RF
1-1: Fly out, F9 (Flyball, 9, EV 93.1 MPH)
Batting: RHB Phil Howard 0-0: Foul Ball, location: 23FF
0-1: Ball
1-1: Ball
2-1: SINGLE (Line Drive, 5D, EV 101.3 MPH)
Batting: RHB Randy Greenway 0-0: Bunted foul
0-1: Sac Bunt to 15S - play at second, runner safe!
Batting: RHB Danny Dodds 0-0: Swinging Strike
0-1: Swinging Strike
0-2: Foul Ball, location: 3FF
0-2: Ball
1-2: Strikes out looking
Batting: RHB Joe Poole 0-0: Fly out, F8 (Flyball, 89M, EV 93.8 MPH)
Top of the 10th over - 0 runs, 1 hit, 0 errors, 2 left on base; Salt Lake 2 - El Paso 2
BOTTOM OF THE 10TH
El Paso Chihuahuas batting - Pitching for Salt Lake Bees : RHP Andy Dunn
Pitching: RHP Jonathan Miller
Batting: RHB Esdras Ghasabov 0-0: Called Strike
0-1: Ball
1-1: Swinging Strike
1-2: Strikes out swinging
Pinch Hitting: LHB Johann Sorely 0-0: Ball
1-0: Swinging Strike
1-1: Ball
2-1: Called Strike
2-2: Strikes out looking
Batting: LHB Greg Greene 0-0: Ground out U3 (Groundball, 34, EV 83.1 MPH)
Bottom of the 10th over - 0 runs, 0 hits, 0 errors, 0 left on base; Salt Lake 2 - El Paso 2
TOP OF THE 11TH
Salt Lake Bees batting - Pitching for El Paso Chihuahuas : RHP Don Black
Now at C: Jeff Wright
Batting: LHB António Morales 0-0: Called Strike
0-1: Ball
1-1: Ground out 1-3 (Groundball, 34S, EV 68.1 MPH)
Batting: RHB António Martínez 0-0: Foul Ball, location: 25FF
0-1: Called Strike
0-2: Strikes out swinging
Batting: LHB Joe Taylor 0-0: Ball
1-0: Ball
2-0: Ground out U3 (Groundball, 3, EV 90.6 MPH)
Top of the 11th over - 0 runs, 0 hits, 0 errors, 0 left on base; Salt Lake 2 - El Paso 2
BOTTOM OF THE 11TH
El Paso Chihuahuas batting - Pitching for Salt Lake Bees : RHP Jonathan Miller
Batting: LHB César Guzmán 0-0: Fly out, F9 (Flyball, 9, EV 88.1 MPH)
Batting: LHB Freddy Newton 0-0: Foul Ball, location: 5F
0-1: Ball
1-1: Ball
2-1: Swinging Strike
2-2: Ball
3-2: Strikes out swinging
Batting: LHB Gene Norman 0-0: Ball
1-0: Swinging Strike
1-1: Ball
2-1: Ball
3-1: Base on Balls
Batting: RHB Luis Miguel Ortíz 0-0: Ball
1-0: Ball
2-0: Fly out, F8 (Flyball, 8RD, EV 94.4 MPH)
Bottom of the 11th over - 0 runs, 0 hits, 0 errors, 1 left on base; Salt Lake 2 - El Paso 2
TOP OF THE 12TH
Salt Lake Bees batting - Pitching for El Paso Chihuahuas : RHP Don Black
Pinch Hitting: LHB Chris Smith 0-0: Ball
1-0: Ball
2-0: Ball
3-0: Base on Balls
Batting: RHB Beau Jones 0-0: Foul Ball, location: 5F
0-1: Ball
1-1: Sac Bunt to 13S - play at first, batter OUT! 1-3
Chris Smith to second
Batting: RHB Phil Howard 0-0: Called Strike
0-1: Called Strike
0-2: Fly out, F8 (Flyball, 8RXD, EV 92.5 MPH)
Runner from 2nd tags up, SAFE at 3rd, no throw by CF
Batting: RHB Randy Greenway 0-0: Swinging Strike
0-1: Ball
1-1: Foul Ball, location: 5SF
1-2: Ball
2-2: Strikes out swinging
Top of the 12th over - 0 runs, 0 hits, 0 errors, 1 left on base; Salt Lake 2 - El Paso 2
BOTTOM OF THE 12TH
El Paso Chihuahuas batting - Pitching for Salt Lake Bees : RHP Jonathan Miller
Now at C: António Gaona
Batting: LHB Ignacio Villa 0-0: Called Strike
0-1: Ball
1-1: Swinging Strike
1-2: Ball
2-2: Strikes out looking
Batting: SHB Ignacio Archuleta 0-0: DOUBLE (Flyball, 89XD, EV 110.0 MPH)
Batting: RHB Esdras Ghasabov 0-0: Ball
1-0: Swinging Strike
1-1: Swinging Strike
1-2: Strikes out swinging
Batting: RHB Jeff Wright 0-0: Fly out, F4 (Popup, 23, EV 88.1 MPH)
Bottom of the 12th over - 0 runs, 1 hit, 0 errors, 1 left on base; Salt Lake 2 - El Paso 2
TOP OF THE 13TH
Salt Lake Bees batting - Pitching for El Paso Chihuahuas : RHP Don Black
Batting: RHB Danny Dodds 0-0: Swinging Strike
0-1: Ball
1-1: Ball
2-1: Called Strike
2-2: Ball
3-2: Base on Balls
Batting: RHB Joe Poole 0-0: Ball
1-0: Ball
2-0: Called Strike
2-1: Foul Ball, location: 9LSF
2-2: Foul Ball, location: 5F
2-2: Ball
3-2: Fly out, F7 (Line Drive, 78M, EV 92.5 MPH)
Pitching: RHP Jim Alexander
Batting: LHB António Morales 0-0: Ball
1-0: Fly out, F9 (Flyball, 89M, EV 95.0 MPH)
Batting: RHB António Martínez 0-0: Ball
1-0: Ball
2-0: Ball
3-0: Called Strike
3-1: Called Strike
3-2: Ground out 4-3 (Groundball, 4, EV 83.8 MPH)
Top of the 13th over - 0 runs, 0 hits, 0 errors, 1 left on base; Salt Lake 2 - El Paso 2
BOTTOM OF THE 13TH
El Paso Chihuahuas batting - Pitching for Salt Lake Bees : RHP Jonathan Miller
Pitching: LHP Jung-sang Chang
Pinch Hitting: RHB José Beltrán 0-0: Ball
1-0: Fly out, F9 (Flyball, 89M, EV 80.6 MPH)
Batting: LHB César Guzmán 0-0: Ball
1-0: Fly out, F8 (Flyball, 8LM, EV 86.3 MPH)
Batting: LHB Freddy Newton 0-0: Called Strike
0-1: Foul Ball, location: 3FF
0-2: Ball
1-2: Ball
2-2: Foul Ball, location: 2F
2-2: Strikes out looking
Bottom of the 13th over - 0 runs, 0 hits, 0 errors, 0 left on base; Salt Lake 2 - El Paso 2
TOP OF THE 14TH
Salt Lake Bees batting - Pitching for El Paso Chihuahuas : RHP Jim Alexander
Now at 2B: Esdras Ghasabov
Now at SS: José Beltrán
Batting: LHB Joe Taylor 0-0: Ball
1-0: Foul Ball, location: 2F
1-1: Foul Ball, location: 3F
1-2: Strikes out swinging
Batting: RHB António Gaona 0-0: Called Strike
0-1: Ball
1-1: Swinging Strike
1-2: Ball
2-2: Fly out, F9 (Flyball, 89D, EV 103.1 MPH)
Batting: RHB Beau Jones 0-0: Ball
1-0: Ball
2-0: Called Strike
2-1: Ball
3-1: Foul Ball, location: 23F
3-2: Foul Ball, location: 5SF
3-2: Foul Ball, location: 3F
3-2: Foul Ball, location: 2F
3-2: Fly out, F9 (Flyball, 89S, EV 97.5 MPH)
Top of the 14th over - 0 runs, 0 hits, 0 errors, 0 left on base; Salt Lake 2 - El Paso 2
BOTTOM OF THE 14TH
El Paso Chihuahuas batting - Pitching for Salt Lake Bees : LHP Jung-sang Chang
Batting: LHB Gene Norman 0-0: Foul Ball, location: 2F
0-1: Ball
1-1: Foul Ball, location: 7LDF
1-2: Fly out, F9 (Flyball, 9S, EV 98.1 MPH)
Batting: RHB Luis Miguel Ortíz 0-0: Called Strike
0-1: Foul Ball, location: 3SF
0-2: Ball
1-2: Ball
2-2: Foul Ball, location: 3F
2-2: Ball
3-2: Foul Ball, location: 23F
3-2: Foul Ball, location: 2F
3-2: Foul Ball, location: 2F
3-2: Fly out, F7 (Line Drive, 7, EV 90.0 MPH)
Batting: LHB Ignacio Villa 0-0: Foul Ball, location: 2F
0-1: Ball
1-1: Foul Ball, location: 9LDF
1-2: Strikes out swinging, 2-3 out at first.
Bottom of the 14th over - 0 runs, 0 hits, 0 errors, 0 left on base; Salt Lake 2 - El Paso 2
TOP OF THE 15TH
Salt Lake Bees batting - Pitching for El Paso Chihuahuas : RHP Jim Alexander
Batting: RHB Phil Howard 0-0: Ball
1-0: Called Strike
1-1: Ball
2-1: Ball
3-1: Swinging Strike
3-2: Ground out 4-3 (Groundball, 4, EV 85.6 MPH)
Batting: RHB Randy Greenway 0-0: Ball
1-0: Foul Ball, location: 2F
1-1: Ball
2-1: Ground out 5-3 (Groundball, 5, EV 97.5 MPH)
Batting: RHB Danny Dodds 0-0: Ball
1-0: Ball
2-0: Ground out 6-3 (Groundball, 56, EV 106.9 MPH)
Top of the 15th over - 0 runs, 0 hits, 0 errors, 0 left on base; Salt Lake 2 - El Paso 2
BOTTOM OF THE 15TH
El Paso Chihuahuas batting - Pitching for Salt Lake Bees : LHP Jung-sang Chang
Batting: SHB Ignacio Archuleta 0-0: Called Strike
0-1: Ball
1-1: Ground out U3 (Groundball, 3L, EV 82.5 MPH)
Batting: RHB Esdras Ghasabov 0-0: Ball
1-0: Called Strike
1-1: Ball
2-1: Ball
3-1: SINGLE (Groundball, 56S, EV 65.6 MPH) (infield hit)
Batting: RHB Jeff Wright 0-0: SINGLE (Line Drive, 9S, EV 92.5 MPH)
Esdras Ghasabov to second
Batting: RHB José Beltrán 0-0: Called Strike
0-1: Fly out, F4 (Line Drive, 4, EV 73.1 MPH)
Batting: LHB César Guzmán 0-0: Ball
1-0: Fly out, F7 (Flyball, 7S, EV 93.8 MPH)
Bottom of the 15th over - 0 runs, 2 hits, 0 errors, 2 left on base; Salt Lake 2 - El Paso 2
TOP OF THE 16TH
Salt Lake Bees batting - Pitching for El Paso Chihuahuas : RHP Jim Alexander
Pitching: LHP Buddy Coleman
Batting: RHB Joe Poole 0-0: Ball
1-0: DOUBLE (Line Drive, 78XD, EV 104.4 MPH)
Batting: LHB António Morales 0-0: Foul Ball, location: 2F
0-1: 2-RUN HOME RUN (Flyball, 9D, EV 95.6 MPH), Distance : 383 ft
Batting: RHB António Martínez 0-0: SINGLE (Groundball, 6MD, EV 99.4 MPH)
Batting: LHB Joe Taylor 0-0: Ball
1-0: Fly out, F8 (Flyball, 78S, EV 88.1 MPH)
Batting: RHB António Gaona 0-0: Fly out, F4 (Flyball, 4MD, EV 95.0 MPH)
Batting: RHB Beau Jones 0-0: Ball
1-0: Ball
2-0: Called Strike
2-1: Foul Ball, location: 2F
2-2: Ball
3-2: Foul Ball, location: 9LMF
3-2: Ground out 4-3 (Groundball, 4MS, EV 71.9 MPH)
Top of the 16th over - 2 runs, 3 hits, 0 errors, 1 left on base; Salt Lake 4 - El Paso 2
BOTTOM OF THE 16TH
El Paso Chihuahuas batting - Pitching for Salt Lake Bees : LHP Jung-sang Chang
Batting: LHB Freddy Newton 0-0: Ground out U3 (Groundball, 3, EV 99.4 MPH)
Batting: LHB Gene Norman 0-0: Foul Ball, location: 2F
0-1: SINGLE (Groundball, 34D, EV 96.9 MPH)
Batting: RHB Luis Miguel Ortíz 0-0: Fly out, F7 (Flyball, 7, EV 79.4 MPH)
Pitching: RHP Ken Davenport
Batting: LHB Ignacio Villa 0-0: SINGLE (Line Drive, 8LS, EV 106.3 MPH)
Gene Norman to second
Batting: SHB Ignacio Archuleta 0-0: Foul Ball, location: 3F
0-1: Foul Ball, location: 3F
0-2: Foul Ball, location: 5F
0-2: Ball
1-2: Foul Ball, location: 2F
1-2: Ball
2-2: Ball
3-2: Foul Ball, location: 7LDF
3-2: Foul Ball, location: 2F
3-2: Foul Ball, location: 5FF
3-2: Ground out 1-3 (Groundball, 15S, EV 60.0 MPH)
Bottom of the 16th over - 0 runs, 2 hits, 0 errors, 2 left on base; Salt Lake 4 - El Paso 2
Monday, April 29th , 2024 - OOTP Baseball 24.10 Build 82